[Event "Titled Tuesday Blitz May 4 2021"]
[White "Podetti, Davide"]
[Black "Shimelkov, Vasiliy"]
[WhiteFideId "893617"]
[BlackFideId "13701630"]
[WhiteElo "2131"]
[BlackElo "2073"]
[Result "0-1"]
[Round "05"]
[TimeControl "180+1"]
[Date "2021.05.04"]
[WhiteClock "0:00:53"]
[BlackClock "0:01:49"]

1. e4 c6 2. d4 d5 3. exd5 cxd5 4. Bd3 Nc6 5. c3 Nf6 6. Ne2 g6 7. O-O Bg7 8. Nd2 O-O 9. Nf3 Bf5 10. Ng3 Bxd3 11. Qxd3 e6 12. Re1 Rc8 13. Bf4 a6 14. Ne5 b5 15. Bg5 Qc7 16. h4 Nxe5 17. dxe5 Nd7 18. Bf4 Bxe5 19. Bxe5 Nxe5 20. Qd4 Nc6 21. Qg4 f5 22. Qf3 Rfe8 23. h5 Ne5 24. Qe2 Nc4 25. hxg6 hxg6 26. Rad1 Kf7 27. Nf1 Qf4 28. Nh2 Rcd8 29. Nf3 e5 30. b3 e4 0-1


[Site "https://www.chess.com"]

[Event "Titled Tuesday Blitz May 4 2021"]
[White "Poghosyan, Suren"]
[Black "Vargas, Gabriela"]
[WhiteFideId "13303201"]
[BlackFideId "3700860"]
[WhiteElo "2314"]
[BlackElo "2116"]
[Result "0-1"]
[Round "05"]
[TimeControl "180+1"]
[Date "2021.05.04"]
[WhiteClock "0:00:08"]
[BlackClock "0:00:54"]

1. e4 e6 2. d4 d5 3. Nc3 Nf6 4. Bg5 Be7 5. e5 Nfd7 6. Bxe7 Qxe7 7. f4 a6 8. a3 c5 9. Nf3 Nc6 10. Be2 b5 11. O-O Bb7 12. Kh1 Rc8 13. Qd2 cxd4 14. Nxd4 Nxd4 15. Qxd4 Qc5 16. Qd2 Nb6 17. Rac1 Nc4 18. Bxc4 dxc4 19. Rcd1 Qc6 20. Rf2 Ke7 21. Qd6+ Qxd6 22. Rxd6 Rhd8 23. Rfd2 Rxd6 24. Rxd6 Rd8 25. Rb6 Bc8 26. Rb8 Kd7 27. Ne4 Kc7 28. Rxc8+ Rxc8 29. Nd6 Rf8 30. Kg1 f6 31. g3 g5 32. Kg2 gxf4 33. gxf4 fxe5 34. fxe5 Kc6 35. Kg3 Kd5 36. c3 Kxe5 37. Nb7 Kd5 38. Na5 e5 39. b3 e4 40. bxc4+ bxc4 0-1


[Site "https://www.chess.com"]

[Event "Titled Tuesday Blitz May 4 2021"]
[White "Priyanka, K"]
[Black "Amorim, Daniel Madson De Medeiro"]
[WhiteFideId "5082986"]
[BlackFideId "2124912"]
[WhiteElo "1893"]
[BlackElo "2179"]
[Result "1-0"]
[Round "05"]
[TimeControl "180+1"]
[Date "2021.05.04"]
[WhiteClock "0:00:32"]
[BlackClock "0:00:17"]

1. e4 e6 2. d4 d5 3. Nc3 Nf6 4. Bg5 Be7 5. e5 Ne4 6. Bxe7 Nxc3 7. Bxd8 Nxd1 8. Bxc7 Nxb2 9. Nf3 O-O 10. Rb1 Nc4 11. Bxc4 dxc4 12. Rb4 Na6 13. Rxc4 b5 14. Rc3 b4 15. Rc4 Bb7 16. Bd6 Rfc8 17. Rxc8+ Rxc8 18. Kd2 Bd5 19. Ra1 Bxf3 20. gxf3 Rc3 21. a3 Rxa3 22. Rxa3 bxa3 23. Bxa3 Nc7 24. c4 f6 25. Bd6 Ne8 26. c5 Nxd6 27. exd6 Kf8 28. c6 Ke8 29. Kc3 g5 30. Kc4 h5 31. Kc5 e5 32. dxe5 fxe5 33. Kd5 a5 34. Kxe5 a4 35. Kd4 g4 36. fxg4 hxg4 37. Kc3 1-0


[Site "https://www.chess.com"]

[Event "Titled Tuesday Blitz May 4 2021"]
[White "Prraneeth Vuppala"]
[Black "Nazaretyan, Tigran"]
[WhiteFideId "46622373"]
[BlackFideId "24162345"]
[WhiteElo "1759"]
[BlackElo "2276"]
[Result "1-0"]
[Round "05"]
[TimeControl "180+1"]
[Date "2021.05.04"]
[WhiteClock "0:00:21"]
[BlackClock "0:00:06"]

1. e4 c5 2. Nf3 Nc6 3. d4 cxd4 4. Nxd4 Nf6 5. Nc3 d6 6. f3 e5 7. Nb3 Be7 8. Be3 a5 9. Bb5 O-O 10. Qd2 Be6 11. Nd5 Bxd5 12. exd5 Nb4 13. c4 b6 14. O-O Nd7 15. Nc1 Nc5 16. a3 Nba6 17. b4 Nb7 18. Nd3 f5 19. Bc6 Rb8 20. Nb2 Qc7 21. Na4 Nd8 22. Nc3 Bf6 23. Nb5 Qe7 24. bxa5 Nc5 25. Bxc5 bxc5 26. a6 Nxc6 27. dxc6 Rb6 28. a7 Ra6 29. c7 Qf7 30. Rac1 e4 31. fxe4 fxe4 32. Nxd6 e3 33. Qd3 Qe6 34. c8=Q Rxc8 35. Nxc8 Qxc8 36. Qd5+ Kh8 37. Qf7 Qa8 38. Rcd1 Rxa7 39. Qxa7 Qxa7 40. Rd8+ 1-0


[Site "https://www.chess.com"]

[Event "Titled Tuesday Blitz May 4 2021"]
[White "Quesada Perez, Yuniesky"]
[Black "Bernadskiy, Vitaliy"]
[WhiteFideId "3504409"]
[BlackFideId "14100371"]
[WhiteElo "2622"]
[BlackElo "2534"]
[Result "1-0"]
[Round "05"]
[TimeControl "180+1"]
[Date "2021.05.04"]
[WhiteClock "0:00:43"]
[BlackClock "0:01:18"]

1. e4 g6 2. d4 Bg7 3. Nc3 a6 4. Be3 b5 5. Nf3 Bb7 6. Bd3 d6 7. Qd2 Nd7 8. h3 c5 9. a3 cxd4 10. Nxd4 Ngf6 11. Bh6 O-O 12. Bxg7 Kxg7 13. O-O Qb6 14. Nf3 Rac8 15. Rfe1 Rfd8 16. Qf4 Nc5 17. Rad1 b4 18. Nd5 Bxd5 19. exd5 bxa3 20. bxa3 Nxd3 21. Rxd3 Rxc2 22. Nd4 Rb2 23. Rxe7 Rd7 24. Ne6+ Kg8 25. Qxf6 1-0


[Site "https://www.chess.com"]

[Event "Titled Tuesday Blitz May 4 2021"]
[White "Radu, David Cr."]
[Black "Pasti, Aron"]
[WhiteFideId "1265717"]
[BlackFideId "785857"]
[WhiteElo "1596"]
[BlackElo "2082"]
[Result "1-0"]
[Round "05"]
[TimeControl "180+1"]
[Date "2021.05.04"]
[WhiteClock "0:00:51"]
[BlackClock "0:00:11"]

1. e4 e5 2. Nf3 Nc6 3. d4 exd4 4. Bc4 Nf6 5. e5 d5 6. Bb5 Ne4 7. Nxd4 Bc5 8. O-O Bxd4 9. Qxd4 O-O 10. Bxc6 bxc6 11. Nc3 Nxc3 12. Qxc3 Bd7 13. Be3 Re8 14. Bc5 Qg5 15. f4 Qf5 16. Rae1 Rad8 17. Rf2 Re6 18. h3 h5 19. Qd4 a6 20. Re3 Rg6 21. Kh2 Re8 22. c4 Be6 23. b3 a5 24. Qc3 a4 25. cxd5 Bxd5 26. bxa4 Rge6 27. a5 g5 28. Rg3 g4 29. a6 Kh7 30. a7 f6 31. Bd4 fxe5 32. Bxe5 Rxe5 33. fxe5 Qxf2 34. hxg4 hxg4 35. Rxg4 Qxa7 36. Qh3# 1-0


[Site "https://www.chess.com"]

[Event "Titled Tuesday Blitz May 4 2021"]
[White "Rakotomaharo, Fy Antenaina"]
[Black "Rodin, Mihail"]
[WhiteFideId "13100050"]
[BlackFideId "4113160"]
[WhiteElo "2378"]
[BlackElo "2368"]
[Result "1-0"]
[Round "05"]
[TimeControl "180+1"]
[Date "2021.05.04"]
[WhiteClock "0:00:55"]
[BlackClock "0:00:21"]

1. e4 e5 2. Nf3 Nc6 3. Bb5 a6 4. Ba4 Bc5 5. O-O Nge7 6. c3 Ba7 7. d4 exd4 8. cxd4 d5 9. exd5 Nxd5 10. Re1+ Be6 11. Bxc6+ bxc6 12. Nc3 O-O 13. Bg5 Qd6 14. Ne4 Qb4 15. Qc2 Bxd4 16. Nxd4 Qxd4 17. Rad1 Qb6 18. b3 Rfe8 19. Ng3 h6 20. Bd2 Rad8 21. Rc1 Bd7 22. Nh5 Bg4 23. Ng3 Nb4 24. Bxb4 Qxb4 25. Rxe8+ Rxe8 26. h3 Re1+ 27. Kh2 Bd7 28. Rxe1 Qxe1 29. Qd3 Be6 30. f3 a5 31. Qd8+ Kh7 32. Qxc7 Bd5 33. Qf4 Qc3 34. Ne4 Qc2 35. Qf5+ Kh8 36. Nd6 Qxf5 37. Nxf5 h5 38. Kg3 g6 39. Ne7 Kg7 40. Kf4 Kf6 41. Nxd5+ cxd5 42. Ke3 Ke5 43. f4+ Kf5 44. g3 f6 45. a3 g5 46. fxg5 fxg5 47. b4 axb4 48. axb4 h4 49. g4+ Ke5 50. b5 d4+ 51. Kd3 Kd5 52. b6 Kc6 53. Kxd4 Kxb6 54. Ke5 1-0


[Site "https://www.chess.com"]

[Event "Titled Tuesday Blitz May 4 2021"]
[White "Ravi, Thandalam Shanmugam"]
[Black "Ptacnikova, Lenka"]
[WhiteFideId "5000238"]
[BlackFideId "305650"]
[WhiteElo "2215"]
[BlackElo "1984"]
[Result "1-0"]
[Round "05"]
[TimeControl "180+1"]
[Date "2021.05.04"]
[WhiteClock "0:00:18"]
[BlackClock "0:00:02"]

1. e4 c5 2. c3 Nf6 3. e5 Nd5 4. d4 cxd4 5. Nf3 d6 6. cxd4 Nc6 7. Bc4 Nb6 8. Bb3 dxe5 9. dxe5 Qxd1+ 10. Bxd1 Bg4 11. Bf4 e6 12. O-O Be7 13. h3 Bh5 14. Nc3 O-O 15. Be2 Rfd8 16. g4 Bg6 17. Rfd1 Bc2 18. Rxd8+ Rxd8 19. Rc1 Bd3 20. Rd1 Bxe2 21. Rxd8+ Bxd8 22. Nxe2 Bc7 23. Ned4 Nxd4 24. Nxd4 a6 25. b3 Nd7 26. Nf3 f6 27. Kf1 Kf7 28. Ke2 b5 29. Bg3 Bb6 30. Nd2 f5 31. f4 g6 32. Bf2 Bxf2 33. Kxf2 Nc5 34. Ke3 Ke7 35. Kd4 Nd7 36. Nf3 fxg4 37. hxg4 h5 38. gxh5 gxh5 39. Nh4 Nf8 40. Ke4 Kf7 41. f5 exf5+ 42. Kxf5 Ne6 43. Nf3 Ke7 44. Kg6 1-0


[Site "https://www.chess.com"]

[Event "Titled Tuesday Blitz May 4 2021"]
[White "Reprintsev, Alexander"]
[Black "Schmidt, Harald"]
[WhiteFideId "14100541"]
[BlackFideId "4648358"]
[WhiteElo "2194"]
[BlackElo "2285"]
[Result "1-0"]
[Round "05"]
[TimeControl "180+1"]
[Date "2021.05.04"]
[WhiteClock "0:00:18"]
[BlackClock "0:00:08"]

1. e4 a6 2. c4 e5 3. Nf3 Nc6 4. Nc3 Bc5 5. Nxe5 Nxe5 6. d4 Bd6 7. f4 Ng6 8. f5 Bb4 9. fxg6 Qh4+ 10. Ke2 Bxc3 11. gxf7+ Kxf7 12. bxc3 Qxe4+ 13. Kf2 Nf6 14. Qf3 Qc2+ 15. Be2 d5 16. cxd5 Bg4 17. Qd3 Ne4+ 18. Ke1 Qxc3+ 19. Qxc3 Nxc3 20. Bxg4 Rhe8+ 21. Kd2 Nxd5 22. Bh5+ g6 23. Bf3 Rad8 24. Re1 Rxe1 25. Kxe1 Nb4 26. Kf1 Rxd4 27. Bxb7 a5 28. Be3 Rd3 29. Bf2 Rd2 30. a3 Nd3 31. Be3 Rb2 32. Rd1 Ne5 33. Bd5+ Ke8 34. Bd4 1-0


[Site "https://www.chess.com"]

[Event "Titled Tuesday Blitz May 4 2021"]
[White "Rodriguez, Santiago"]
[Black "Toncheva, Nadya"]
[WhiteFideId "3000591"]
[BlackFideId "2924056"]
[WhiteElo "2256"]
[BlackElo "1920"]
[Result "1-0"]
[Round "05"]
[TimeControl "180+1"]
[Date "2021.05.04"]
[WhiteClock "0:02:20"]
[BlackClock "0:01:21"]

1. e4 c5 2. Nc3 Nc6 3. Bb5 Nd4 4. Bc4 g6 5. Nf3 Bg7 6. Nxd4 cxd4 7. Qf3 e6 8. Nb5 d6 9. Qa3 Be5 10. O-O g5 11. c3 dxc3 12. d4 cxb2 13. Bxb2 d5 14. exd5 exd5 15. dxe5 dxc4 16. e6 Bxe6 17. Bxh8 1-0


[Site "https://www.chess.com"]

[Event "Titled Tuesday Blitz May 4 2021"]
[White "Rojas Alarcon, Julian Antonio"]
[Black "Korkmaz, Necmettin"]
[WhiteFideId "5107407"]
[BlackFideId "6303285"]
[WhiteElo "2333"]
[BlackElo "2094"]
[Result "1-0"]
[Round "05"]
[TimeControl "180+1"]
[Date "2021.05.04"]
[WhiteClock "0:00:13"]
[BlackClock "0:00:11"]

1. e4 e5 2. Nf3 Nc6 3. Bb5 Nf6 4. d3 Bc5 5. Be3 Bb6 6. Nbd2 a6 7. Bxc6 dxc6 8. Bxb6 cxb6 9. Nxe5 Qd4 10. Ndc4 b5 11. Nf3 Qc5 12. Ncd2 Bg4 13. h3 Bxf3 14. Nxf3 Qb4+ 15. Qd2 Qxb2 16. O-O Qa3 17. e5 Nd5 18. c4 bxc4 19. dxc4 Ne7 20. Rab1 b5 21. Rb3 Qa4 22. cxb5 axb5 23. Rb4 Qxa2 24. Qg5 Qe6 25. Rg4 Nf5 26. Rf4 g6 27. g4 h6 28. Qf6 Qxf6 29. exf6 Nd6 30. Re1+ Kd7 31. Re7+ Kc8 32. Rd4 Rd8 33. Ne5 Ra1+ 34. Kg2 Rc1 35. Rd3 c5 36. Ra3 Kb8 37. Nc6+ Kc8 38. Ra8# 1-0


[Site "https://www.chess.com"]

[Event "Titled Tuesday Blitz May 4 2021"]
[White "Ronka, Erik"]
[Black "Niyazgulova, Marina"]
[WhiteFideId "505080"]
[BlackFideId "24142573"]
[WhiteElo "2264"]
[BlackElo "2087"]
[Result "1/2-1/2"]
[Round "05"]
[TimeControl "180+1"]
[Date "2021.05.04"]
[WhiteClock "0:00:08"]
[BlackClock "0:00:09"]

1. d4 d5 2. c4 c6 3. Nc3 Nf6 4. e3 a6 5. Nf3 b5 6. b3 Bf5 7. Bd3 Ne4 8. Bxe4 Bxe4 9. Nxe4 dxe4 10. Ne5 e6 11. O-O Qg5 12. f4 exf3 13. Qxf3 f6 14. Nxc6 Nd7 15. Ne5 Rd8 16. Nxd7 Rxd7 17. Qa8+ Kf7 18. Qxa6 bxc4 19. Qxc4 Bd6 20. e4 Qh4 21. e5 Bb8 22. Be3 Ba7 23. exf6 gxf6 24. Rf4 Qg5 25. Raf1 Rg8 26. Rxf6+ Qxf6 27. Rxf6+ Kxf6 28. Qf1+ Ke7 29. Qf4 Rgd8 30. Qh4+ Ke8 31. Qh5+ Kf8 32. Bh6+ Kg8 33. Qg4+ Kh8 34. Be3 Bxd4 35. Bxd4+ Rxd4 36. Qxe6 Rd1+ 37. Kf2 R8d2+ 38. Kg3 Rxa2 39. Qe5+ Kg8 40. Qg5+ Kf8 41. Qf4+ Ke7 42. Qe4+ Kd8 43. Qxh7 Rad2 44. Qh8+ Kc7 45. Qh7+ Rd7 46. Qe4 R7d3+ 47. Kf2 R1d2+ 48. Ke1 Rd1+ 49. Ke2 R1d2+ 50. Kf1 Rd1+ 51. Ke2 R1d2+ 52. Ke1 Rd1+ 53. Ke2 1/2-1/2


[Site "https://www.chess.com"]

[Event "Titled Tuesday Blitz May 4 2021"]
[White "Rostovtsev, Dmitry"]
[Black "Obsivac, Josef"]
[WhiteFideId "34278320"]
[BlackFideId "303690"]
[WhiteElo "2197"]
[BlackElo "2199"]
[Result "1-0"]
[Round "05"]
[TimeControl "180+1"]
[Date "2021.05.04"]
[WhiteClock "0:01:50"]
[BlackClock "0:00:33"]

1. e4 c5 2. Nf3 e6 3. d4 cxd4 4. Nxd4 Nc6 5. Nc3 Qc7 6. g3 a6 7. Bg2 Nf6 8. O-O d6 9. Re1 Bd7 10. Nxc6 Bxc6 11. Nd5 Bxd5 12. exd5 e5 13. b3 Be7 14. c4 O-O 15. Bb2 b5 16. Rc1 bxc4 17. Rxc4 Qb7 18. Rc6 Nd7 19. Qc2 Nc5 20. Bxe5 dxe5 21. d6 Ne6 22. Rc4 Qa7 23. dxe7 1-0


[Site "https://www.chess.com"]

[Event "Titled Tuesday Blitz May 4 2021"]
[White "Rozhkov, Viacheslav"]
[Black "Sviridova, Vlada"]
[WhiteFideId "4181484"]
[BlackFideId "24109606"]
[WhiteElo "2324"]
[BlackElo "2101"]
[Result "1-0"]
[Round "05"]
[TimeControl "180+1"]
[Date "2021.05.04"]
[WhiteClock "0:00:17"]
[BlackClock "0:00:07"]

1. e4 e6 2. d4 d5 3. e5 c5 4. c3 Qb6 5. Nf3 Nc6 6. a3 c4 7. Nbd2 Na5 8. Be2 Bd7 9. O-O Ne7 10. Rb1 Qc7 11. g3 h6 12. h4 Nc8 13. Ne1 Nb6 14. Bf3 O-O-O 15. Qe2 Be7 16. h5 g6 17. hxg6 fxg6 18. Kg2 h5 19. Rh1 h4 20. gxh4 Bxh4 21. Nc2 Rdf8 22. Ne3 Ba4 23. Ndf1 Qf7 24. Ng3 Bxg3 25. Rxh8 Rxh8 26. fxg3 g5 27. Ng4 Qh7 28. Ra1 Nb3 29. Bxg5 Nxa1 30. Bh4 Qc2 31. Nf6 Qxe2+ 32. Bxe2 Nc2 33. g4 Ne3+ 34. Kf3 Nd1 35. Bg3 Nxb2 36. g5 Bc2 37. Kf4 Nd3+ 38. Ke3 Nc1 39. Bg4 Kd8 40. Kd2 Bf5 41. Bxf5 exf5 42. g6 Ke7 43. g7 Rd8 44. Kxc1 Na4 45. g8=Q Rxg8 46. Nxg8+ Kf7 47. Nh6+ Kg6 48. e6 Nxc3 49. e7 Ne2+ 50. Kd2 1-0


[Site "https://www.chess.com"]

[Event "Titled Tuesday Blitz May 4 2021"]
[White "Rytenko, Vsevolod"]
[Black "Sergey85Rodchenkov"]
[WhiteFideId "14133040"]
[WhiteElo "2228"]
[BlackElo "2534"]
[Result "1/2-1/2"]
[Round "05"]
[TimeControl "180+1"]
[Date "2021.05.04"]
[WhiteClock "0:00:06"]
[BlackClock "0:00:09"]

1. d4 Nf6 2. c4 e6 3. Nc3 Bb4 4. Bd2 c5 5. Nf3 cxd4 6. Nxd4 Nc6 7. e3 O-O 8. a3 Bxc3 9. Bxc3 Ne4 10. Qc2 Nxc3 11. Qxc3 d5 12. cxd5 Qxd5 13. Nxc6 bxc6 14. Rd1 Qg5 15. h4 Qh6 16. g4 e5 17. g5 Qh5 18. Qxe5 Bg4 19. Rd4 Rad8 20. Bg2 Bf3 21. O-O Bxg2 22. Kxg2 h6 23. Rfd1 Rxd4 24. Rxd4 f6 25. Qe6+ Kh8 26. Rg4 fxg5 27. hxg5 hxg5 28. Rg3 g4 29. Rxg4 Rf6 30. Qe4 Rh6 31. Kf3 Qh1+ 32. Ke2 Qc1 33. Qe8+ Kh7 34. Qe4+ Kh8 35. Qe8+ Kh7 36. Qe4+ Kh8 1/2-1/2


[Site "https://www.chess.com"]

[Event "Titled Tuesday Blitz May 4 2021"]
[White "Rzayev, Bahruz"]
[Black "Perez Rodriguez, Jennifer"]
[WhiteFideId "13403036"]
[BlackFideId "3507831"]
[WhiteElo "2331"]
[BlackElo "2170"]
[Result "1-0"]
[Round "05"]
[TimeControl "180+1"]
[Date "2021.05.04"]
[WhiteClock "0:00:16"]
[BlackClock "0:00:05"]

1. e4 e5 2. Nf3 Nc6 3. d4 exd4 4. Bc4 Nf6 5. O-O Nxe4 6. Re1 d5 7. Nc3 dxc4 8. Rxe4+ Be6 9. Nxd4 Nxd4 10. Rxd4 Bd6 11. Bf4 O-O 12. Bxd6 cxd6 13. Rxd6 Qf6 14. Qd2 Rad8 15. Rd1 Rxd6 16. Qxd6 h6 17. Qc7 Qg6 18. Rd2 Qg5 19. Ne4 Qb5 20. c3 Qa4 21. a3 Qb5 22. f3 a5 23. Qc5 Qa6 24. Rd6 Qa8 25. Qc7 b5 26. Rb6 Qd5 27. Qd6 Rd8 28. Qxd5 Rxd5 29. Kf2 Bf5 30. Ke3 Kf8 31. Nd6 Bd7 32. Ne4 Bf5 33. Rb7 Bxe4 34. Kxe4 Rg5 35. g4 Rc5 36. Kd4 Rc6 37. Rxb5 Rd6+ 38. Kxc4 Rd2 39. b4 axb4 40. axb4 Rxh2 41. Re5 1-0


[Site "https://www.chess.com"]

[Event "Titled Tuesday Blitz May 4 2021"]
[White "Sailer, Mike"]
[Black "Meneses Gonzalez, Kevin Moises"]
[WhiteFideId "2012901"]
[BlackFideId "2284502"]
[WhiteElo "2109"]
[BlackElo "2301"]
[Result "0-1"]
[Round "05"]
[TimeControl "180+1"]
[Date "2021.05.04"]
[WhiteClock "0:01:10"]
[BlackClock "0:01:55"]

1. d4 Nf6 2. Nf3 g6 3. Bf4 Bg7 4. e3 d6 5. Be2 O-O 6. h3 Nfd7 7. c4 e5 8. Bh2 Nc6 9. Nc3 f5 10. O-O Kh8 11. Rb1 a5 12. a3 e4 13. Nd2 Ne7 14. b4 axb4 15. axb4 g5 16. c5 d5 17. Nb5 f4 18. exf4 gxf4 19. Bg4 Ng6 20. Qb3 Nf6 21. Bxc8 Qxc8 22. Nc3 Qf5 23. Ra1 Rxa1 24. Rxa1 Qg5 25. Nf1 f3 26. g4 Nxg4 27. hxg4 Qxg4+ 28. Bg3 Qh3 29. Ne3 Bh6 30. Qd1 Bxe3 31. Qf1 Qxg3+ 0-1


[Site "https://www.chess.com"]

[Event "Titled Tuesday Blitz May 4 2021"]
[White "Salinas Herrera, Pablo"]
[Black "Meissner, Felix"]
[WhiteFideId "3407128"]
[BlackFideId "24671827"]
[WhiteElo "2541"]
[BlackElo "2390"]
[Result "1-0"]
[Round "05"]
[TimeControl "180+1"]
[Date "2021.05.04"]
[WhiteClock "0:00:14"]
[BlackClock "0:00:13"]

1. d4 Nf6 2. Bf4 d5 3. e3 e6 4. Nf3 c5 5. Nbd2 Nc6 6. c3 cxd4 7. exd4 Bd6 8. Ne5 Bxe5 9. dxe5 Nd7 10. Nf3 f6 11. exf6 Qxf6 12. Bg3 O-O 13. Be2 Nc5 14. O-O Ne4 15. Bh4 Qh6 16. Re1 Rxf3 17. gxf3 Nxc3 18. bxc3 Qxh4 19. Bf1 Bd7 20. c4 d4 21. Re4 Qg5+ 22. Kh1 Rf8 23. Bh3 Rf6 24. Qe2 Kf7 25. Rg1 Qh6 26. Bg4 Ne7 27. Rxd4 Bc6 28. Re1 Nf5 29. Re4 Nh4 30. Rxe6 Bxf3+ 31. Bxf3 Nxf3 32. Rxf6+ Qxf6 33. Qe8# 1-0


[Site "https://www.chess.com"]

[Event "Titled Tuesday Blitz May 4 2021"]
[White "Samadov, Read"]
[Black "Sharapov, Evgeny"]
[WhiteFideId "13417444"]
[BlackFideId "14103133"]
[WhiteElo "2084"]
[BlackElo "2367"]
[Result "1/2-1/2"]
[Round "05"]
[TimeControl "180+1"]
[Date "2021.05.04"]
[WhiteClock "0:01:03"]
[BlackClock "0:01:22"]

1. d4 d5 2. c4 c6 3. Nf3 Nf6 4. g3 g6 5. Bg2 Bg7 6. O-O O-O 7. cxd5 cxd5 8. Nc3 Bf5 9. Qb3 Qb6 10. Qxb6 axb6 11. Bf4 Nc6 12. Bc7 Ra6 13. Rfd1 Rc8 14. Bf4 Be4 15. Nxe4 Nxe4 16. a3 e6 17. Bf1 Raa8 18. Rac1 Na5 19. Rxc8+ Rxc8 20. Rc1 Rxc1 21. Bxc1 Nb3 22. Be3 Kf8 23. Bg2 f5 24. Kf1 Nd6 25. Ng5 Ke7 26. Nxh7 Nxd4 27. Bd2 Nc6 28. b3 Nb5 1/2-1/2


[Site "https://www.chess.com"]

[Event "Titled Tuesday Blitz May 4 2021"]
[White "Samarth, J Rao"]
[Black "Gaboyan, Susanna"]
[WhiteFideId "46652370"]
[BlackFideId "13303627"]
[WhiteElo "1514"]
[BlackElo "2135"]
[Result "0-1"]
[Round "05"]
[TimeControl "180+1"]
[Date "2021.05.04"]
[WhiteClock "0:00:01"]
[BlackClock "0:00:05"]

1. c4 Nf6 2. Nc3 d5 3. cxd5 Nxd5 4. d4 g6 5. e4 Nxc3 6. bxc3 Bg7 7. Bc4 O-O 8. Ne2 c5 9. O-O Nc6 10. Be3 Qa5 11. d5 Ne5 12. Bb3 c4 13. Bc2 Ng4 14. Bd4 Qc7 15. g3 e5 16. dxe6 Bxe6 17. Bxg7 Kxg7 18. Nd4 Bd7 19. Qd2 Rac8 20. f4 Rcd8 21. h3 Nf6 22. e5 Nd5 23. Kh2 Bc8 24. Rae1 Qc5 25. f5 Nxc3 26. f6+ Kh8 27. Qh6 Rg8 28. Nf3 Qf8 29. Qh4 Be6 30. Ng5 h6 31. Nxe6 fxe6 32. Rf2 Nd5 33. f7 Rg7 34. Qxh6+ Rh7 35. Qxg6 Rh6 36. Qg5 Ne7 37. Rf6 Nf5 38. Rxh6+ Nxh6 39. Qg6 Qg7 40. Qxg7+ Kxg7 41. Rf1 Nxf7 42. Be4 Rd2+ 43. Kg1 Rxa2 44. Rc1 b5 45. Bc6 Nxe5 46. Bxb5 Rb2 47. Bxc4 Nf3+ 48. Kf1 Nd2+ 49. Ke1 Ne4 50. Bd3 Nxg3 51. Rc7+ Kf6 52. Rxa7 Rh2 53. Kd1 Rh1+ 54. Kd2 Rxh3 55. Kc3 Ne4+ 56. Kd4 Nd6 57. Ra6 Nf7 58. Bc4 Ng5 59. Bf1 Rh4+ 60. Ke3 Rg4 61. Be2 Rb4 62. Bd3 Rb3 63. Kd2 Nf7 64. Kc2 Rb4 65. Kc3 Rf4 66. Bc4 Rf3+ 67. Kb4 Re3 68. Kc5 Ng5 69. Rb6 Re1 70. Kb4 Nf3 71. Kc5 Ng5 72. Bb3 Kf5 73. Bc4 e5 74. Bd3+ Kf4 75. Rb4+ e4 76. Bc4 Nf3 77. Rb8 Rc1 78. Rf8+ Ke3 79. Re8 Nd2 80. Kb4 Rxc4+ 0-1


[Site "https://www.chess.com"]

[Event "Titled Tuesday Blitz May 4 2021"]
[White "San, Thit Lwin"]
[Black "Mirzoev, Azer"]
[WhiteFideId "13001272"]
[BlackFideId "13400304"]
[WhiteElo "2232"]
[BlackElo "2525"]
[Result "0-1"]
[Round "05"]
[TimeControl "180+1"]
[Date "2021.05.04"]
[WhiteClock "0:00:14"]
[BlackClock "0:01:01"]

1. Nf3 d5 2. c4 d4 3. d3 Nc6 4. g3 e5 5. Bg2 Bb4+ 6. Nbd2 a5 7. O-O Nf6 8. a3 Be7 9. Ng5 O-O 10. b4 axb4 11. Qb3 h6 12. Ngf3 Nd7 13. a4 Nc5 14. Qc2 Bf5 15. Bb2 Qd7 16. Rfb1 Rfe8 17. Bc1 Bf8 18. Nb3 e4 19. Nxc5 Bxc5 20. Nd2 exd3 21. exd3 Re1+ 22. Nf1 Bh3 23. Bf4 Rxb1 24. Rxb1 Bxg2 25. Kxg2 Re8 26. Nd2 Bf8 27. Ne4 f5 28. Nd2 g5 29. Nf3 gxf4 30. Qd2 fxg3 31. hxg3 Ne5 32. Nh4 Qc6+ 33. Kh3 Nf3 34. Qf4 Nxh4 35. gxh4 Re7 36. Rg1+ Rg7 37. Re1 Qg2# 0-1


[Site "https://www.chess.com"]

[Event "Titled Tuesday Blitz May 4 2021"]
[White "Saraci, Nderim"]
[Black "Xiong, Jeffery"]
[WhiteFideId "6351921"]
[BlackFideId "2047640"]
[WhiteElo "2486"]
[BlackElo "2724"]
[Result "1/2-1/2"]
[Round "05"]
[TimeControl "180+1"]
[Date "2021.05.04"]
[WhiteClock "0:00:54"]
[BlackClock "0:01:20"]

1. d4 Nf6 2. Nf3 d5 3. c4 e6 4. Nc3 c5 5. cxd5 Nxd5 6. g3 Nxc3 7. bxc3 cxd4 8. cxd4 Bb4+ 9. Bd2 Bxd2+ 10. Qxd2 b6 11. Bg2 Bb7 12. O-O O-O 13. a4 Nd7 14. a5 b5 15. a6 Bd5 16. Rfb1 Rb8 17. Qa5 Qxa5 18. Rxa5 Rfc8 19. Raxb5 Rxb5 20. Rxb5 Rc1+ 21. Bf1 Ra1 22. Ne5 Nb6 23. Rc5 f6 24. Nc6 Bc4 25. Kg2 Bxa6 26. f3 Nd7 27. Ra5 Rxa5 28. Nxa5 Bb5 29. Kf2 Kf7 30. e4 Bxf1 31. Kxf1 Nb8 32. Ke2 Ke7 33. Kd3 Kd6 34. f4 Nc6 35. Nb7+ Kc7 36. Nc5 Kd6 37. Nb7+ Kc7 38. Nc5 Kd6 39. Nb7+ 1/2-1/2


[Site "https://www.chess.com"]

[Event "Titled Tuesday Blitz May 4 2021"]
[White "Sargsyan, Anna M."]
[Black "Chernomordik, Pavel"]
[WhiteFideId "13308130"]
[BlackFideId "2804530"]
[WhiteElo "2263"]
[BlackElo "2299"]
[Result "1-0"]
[Round "05"]
[TimeControl "180+1"]
[Date "2021.05.04"]
[WhiteClock "0:00:06"]
[BlackClock "0:00:01"]

1. d4 g6 2. c4 Bg7 3. g3 d6 4. Bg2 Nf6 5. Nc3 O-O 6. Nf3 c6 7. O-O Nbd7 8. e4 e5 9. h3 Qe7 10. Re1 Re8 11. Be3 Nf8 12. Qc2 a6 13. Rad1 Nh5 14. Na4 Nd7 15. Nc3 b5 16. cxb5 axb5 17. d5 c5 18. Nxb5 Rxa2 19. Na3 f5 20. Bg5 Bf6 21. Bxf6 Ndxf6 22. Nd2 fxe4 23. Nxe4 Nxe4 24. Bxe4 Bxh3 25. Qb1 Rxa3 26. bxa3 Qg5 27. Kh2 Bg4 28. Rc1 Rf8 29. Qc2 Bf3 30. Bxf3 Rxf3 31. Kg2 Rxa3 32. Qb2 Rxg3+ 33. fxg3 Qxg3+ 34. Kh1 Nf4 35. Rg1 Qf3+ 36. Rg2 Qh3+ 37. Rh2 Qf3+ 38. Kg1 Qg3+ 39. Rg2 Nxg2 40. Rc3 Ne3+ 41. Kh1 Qf3+ 42. Kh2 Ng4+ 43. Kg1 Qf4 44. Qb8+ Kg7 45. Qb7+ Kh6 46. Rh3+ Kg5 47. Qb2 1-0


[Site "https://www.chess.com"]

[Event "Titled Tuesday Blitz May 4 2021"]
[White "Schut, Han"]
[Black "Vega Gutierrez, Sabrina"]
[WhiteFideId "1005561"]
[BlackFideId "2219026"]
[WhiteElo "2057"]
[BlackElo "2281"]
[Result "1/2-1/2"]
[Round "05"]
[TimeControl "180+1"]
[Date "2021.05.04"]
[WhiteClock "0:00:05"]
[BlackClock "0:00:03"]

1. e4 c5 2. Nf3 Nc6 3. d4 cxd4 4. Nxd4 Nf6 5. Nc3 e5 6. Ndb5 d6 7. Nd5 Nxd5 8. exd5 Nb8 9. Qf3 a6 10. Qa3 b6 11. Bg5 f6 12. Be3 Bb7 13. Nc3 Be7 14. Qb3 Nd7 15. Na4 b5 16. Nc3 f5 17. f3 O-O 18. a4 f4 19. Bf2 Bh4 20. Ne4 Bxf2+ 21. Kxf2 Qb6+ 22. Ke1 Nc5 23. Nxc5 Qxc5 24. Rd1 Rfc8 25. axb5 Qxc2 26. Qxc2 Rxc2 27. bxa6 Bxa6 28. Bxa6 Rxa6 29. Rb1 Ra2 30. Rf1 Raxb2 31. Rxb2 Rxb2 32. Rf2 Rb1+ 33. Kd2 Rb5 34. Kd3 Rxd5+ 35. Ke4 Rd4+ 36. Kf5 Kf7 37. Rb2 g6+ 38. Kg5 d5 39. Rb7+ Ke6 40. Rxh7 Rd2 41. g3 fxg3 42. hxg3 Rg2 43. g4 d4 44. Rg7 d3 45. Rxg6+ Kd5 46. Rg8 d2 47. Kf5 Kc4 48. Rd8 Kc3 49. Kxe5 Kc2 50. Kf5 d1=Q 51. Rxd1 Kxd1 52. g5 Ke2 53. g6 Kxf3 54. Kf6 Kg4 55. g7 Kh5 56. Kf7 Rf2+ 57. Ke8 Rg2 58. Kf7 Rf2+ 59. Ke8 Rg2 60. Kf7 1/2-1/2


[Site "https://www.chess.com"]